Map: King's Cove LE

Players

KungFuSanta

  • Race: Terran Terran
  • League: Master
  • Spawn Location: 5:00

probrazil - Winner!

  • Race: Zerg Zerg
  • League: Diamond
  • Spawn Location: 11:00

VOD

Have the link to the VOD?

Description

Time

  • Played on: March 20, 2019, 7:49 a.m.
  • Length: 23:09
Show
View Real Time Build Order
Export as new Build Order

KungFuSanta Terran 

Build Orders: Reaper Expand 

Get SALT Encoding   

  12  0:01  SCV  
  13  0:13  SCV  
  14  0:18  Supply Depot  
  14  0:25  SCV  
  15  0:40  SCV  
  15  0:42  Barracks  
  16  0:47  Refinery  
  16  0:52  SCV  
  17  1:04  SCV  
  18  1:16  SCV  
  19  1:28  Orbital Command  
  19  1:31  Reaper  
  20  1:45  Command Center  
  20  1:54  SCV, Supply Depot  
  20  2:00  Refinery  
  21  2:04  Barracks Reactor  
  21  2:06  SCV  
  22  2:19  SCV  
  23  2:25  Factory  
  23  2:31  SCV  
  24  2:43  SCV  
  25  2:55  SCV  
  26  3:04  Marine x2  
  28  3:07  SCV  
  28  3:11  Starport  
  29  3:15  Barracks  
  29  3:22  SCV  
  30  3:34  SCV  
  30  3:47  SCV, Orbital Command  
  31  3:49  Marine, Hellion  
  31  3:50  Medivac, Hellion  
  38  3:59  SCV  
  39  4:07  Barracks Reactor, Barracks Tech Lab  
  39  4:11  SCV, Hellion x2  
  39  4:15  Supply Depot  
  44  4:17  Supply Depot  
  44  4:21  SCV  
  44  4:24  SCV  
  46  4:34  Stimpack  
  46  4:36  Marine, SCV x2  
  46  4:37  Hellion  
  51  4:42  Hellion  
  51  4:45  Marine x2, Supply Depot  
  54  4:48  SCV  
  54  4:50  SCV  
  57  4:53  Refinery  
  57  4:54  Marine  
  57  4:56  Supply Depot  
  58  5:01  SCV  
  58  5:02  Engineering Bay, SCV  
  58  5:03  Marine  
  58  5:04  Marine  
  62  5:07  Hellion  
  62  5:09  Hellion  
  66  5:14  Armory  
  66  5:16  SCV  
  66  5:17  SCV  
  68  5:31  SCV x2  
  62  5:43  SCV x2  
  62  5:45  Marine x3  
  62  5:46  Hellion x2  
  69  5:52  Medivac, Supply Depot  
  69  5:55  SCV x2  
  73  6:00  Terran Infantry Weapons Level 1  
  73  6:02  Marine x3, Supply Depot  
  76  6:07  SCV x2  
  76  6:08  Barracks, Factory  
  78  6:15  Hellion x2  
  82  6:19  SCV x2  
  82  6:20  Marine x2  
  82  6:23  Marine  
  87  6:28  Medivac  
  87  6:31  SCV x2  
  91  6:37  Hellion  
  91  6:38  Marine  
  91  6:39  Marine  
  93  6:43  SCV  
  93  6:45  Marine  
  93  6:50  SCV  
  93  6:51  Command Center, Supply Depot  
  93  6:54  Hellion  
  94  6:57  Marine x2  
  94  6:59  Hellion  
  93  7:07  Marine  
  91  7:08  Hellion  
  91  7:11  Barracks Tech Lab  
  91  7:12  Barracks Reactor  
  91  7:15  Marine, Hellion  
  91  7:29  Marine x2  
  86  7:30  Hellion x2  
  86  7:37  Marine  
  84  7:41  SCV x2  
  87  7:44  Refinery  
  87  7:47  Marine x2, Terran Vehicle Weapons Level 1  
  89  7:51  Engineering Bay  
  89  7:53  SCV  
  89  7:54  Terran Infantry Armor Level 1, Marine  
  89  7:56  Command Center  
  91  8:04  Marine  
  82  8:09  Marine x2  
  76  8:13  Marine x2  
  73  8:28  Marine x3  
  73  8:29  Factory Tech Lab  
  73  8:30  SCV x2  
  78  8:42  SCV x2, Orbital Command, Barracks  
  78  8:47  Starport Reactor  
  78  8:48  Combat Shield, Factory Tech Lab  
  80  8:50  Terran Infantry Weapons Level 2  
  80  8:51  Marine  
  80  8:52  Marine x3  
  80  8:54  Siege Tank, Marine, SCV  
  80  8:55  SCV  
  90  8:59  Missile Turret  
  90  9:01  Missile Turret  
  90  9:07  SCV x2  
  90  9:09  Marine  
  93  9:11  Refinery  
  93  9:13  Refinery, Marine  
  93  9:14  Marine x3  
  93  9:15  Siege Tank  
  100  9:19  SCV x2  
  102  9:24  Orbital Command  
  102  9:26  Siege Tank  
  102  9:27  Marine  
  102  9:31  Marine x2, SCV  
  107  9:34  Orbital Command  
  107  9:36  Marine x2  
  111  9:45  Marine  
  112  9:47  Siege Tank  
  112  9:49  Marine x2, SCV x2  
  119  9:54  Marine, SCV  
  119  9:58  Siege Tank  
  124  10:00  SCV  
  124  10:01  SCV x2  
  124  10:02  Marine  
  124  10:03  Marine  
  124  10:04  Terran Vehicle Weapons Level 2, Terran Infantry Armor Level 2  
  124  10:06  SCV  
  130  10:09  Marine x2  
  132  10:23  Factory  
  132  10:24  Factory  
  132  10:26  Refinery  
  132  10:30  Supply Depot  
  132  10:31  Refinery, Supply Depot  
  132  10:32  Supply Depot  
  132  10:35  Supply Depot  
  132  10:36  Supply Depot x2  
  132  10:37  Supply Depot  
  132  10:42  SCV  
  132  10:44  SCV  
  132  10:45  Marine  
  132  10:46  Marine  
  132  10:47  Marine  
  132  10:48  Missile Turret x2  
  132  10:51  Medivac x2, Missile Turret, SCV, Siege Tank  
  132  10:52  Missile Turret, Marine x2  
  132  10:53  Siege Tank, SCV  
  145  11:02  Marine  
  145  11:03  Marine  
  146  11:05  Marine  
  147  11:22  Marine x4  
  147  11:23  Siege Tank  
  147  11:25  Siege Tank, Factory Tech Lab x2  
  152  11:34  Medivac x2  
  152  11:36  Marine  
  152  11:38  SCV x3  
  160  11:40  Marine x2  
  162  11:50  Missile Turret, Command Center  
  162  11:52  Missile Turret  
  162  11:53  Missile Turret  
  162  11:56  Siege Tank  
  162  11:57  Siege Tank  
  168  12:03  SCV x3  
  168  12:06  Marine, Mag-Field Accelerator  
  168  12:07  Marine  
  173  12:11  Marine x2, Cyclone x2  
  173  12:12  Supply Depot  
  173  12:13  Supply Depot  
  173  12:14  Missile Turret  
  181  12:15  Missile Turret  
  181  12:16  Command Center  
  181  12:18  Missile Turret  
  181  12:33  Marine x5  
  181  12:34  Siege Tank, Cyclone  
  192  12:41  Medivac x2  
  195  12:51  Marine x2  
  197  12:58  Marine  
  197  12:59  Siege Tank, Cyclone  
  129  13:15  Marine x3  
  129  13:16  Siege Tank x2, Marine  
  133  13:22  Marine  
  133  13:26  SCV x3  
  137  13:29  Orbital Command  
  137  13:30  Orbital Command  
  137  13:31  Cyclone  
  137  13:33  Marine x2  
  142  13:36  Marine x2  
  142  13:37  Siege Tank  
  142  13:38  SCV x2  
  142  13:39  SCV  
  142  13:40  Marine  
  139  13:51  Marine  
  139  13:52  Marine  
  139  13:53  Siege Tank x2, SCV x2  
  139  13:54  Marine, SCV  
  148  14:03  Siege Tank  
  148  14:05  SCV  
  143  14:29  Missile Turret  
  143  14:30  SCV  
  144  14:33  Refinery  
  144  14:34  Refinery  
  144  14:38  SCV x2  
  146  14:42  Siege Tank x4  
  146  14:43  Marine x5  
  163  14:47  Terran Infantry Weapons Level 3, Terran Infantry Armor Level 3, Terran Vehicle Weapons Level 3  
  163  14:55  Barracks  
  163  15:00  Marine  
  163  15:01  Marine x4  
  163  15:03  Factory  
  163  15:04  Barracks  
  168  15:07  Barracks  
  168  15:14  Siege Tank x2  
  168  15:18  Marine x2  
  176  15:22  Siege Tank x2, Marine x2  
  176  15:23  Marine  
  157  15:36  Marine x2  
  157  15:40  Marine  
  132  15:51  Marine x2  
  132  15:53  Cyclone x2  
  132  15:54  Marine x2, Cyclone x2  
  132  15:55  Viking x2  
  140  15:58  Marine  
  135  16:09  Marine x2  
  133  16:11  Orbital Command  
  133  16:12  Marine x2  
  133  16:16  Marine  
  132  16:25  Viking  
  134  16:26  Marine  
  134  16:27  Marine  
  136  16:37  Cyclone x4  
  146  16:41  Barracks Reactor x2  
  143  16:56  Marine x2  
  143  16:57  Marine x3  
  148  17:04  Liberator  
  148  17:05  Liberator  
  148  17:09  Cyclone x4  
  148  17:14  Marine x4, Factory Tech Lab  
  148  17:15  Marine  
  171  17:24  Orbital Command  
  171  17:32  Marine x5  
  171  17:36  Refinery  
  176  17:39  Refinery  
  176  17:41  Cyclone x3  
  184  17:49  Command Center  
  184  17:50  Marine  
  183  18:09  Missile Turret x2  
  182  18:18  Liberator x2  
  179  18:30  Missile Turret  
  179  18:31  Refinery  
  179  18:33  Missile Turret x2  
  179  18:35  Marine  
  179  18:36  Marine x7  
  179  18:37  Missile Turret, Marine  
  192  18:53  Marine  
  120  19:10  Marine x2  
  120  19:11  Marine x7  
  117  19:17  Cyclone x3  
  93  19:28  Marine x4, SCV x4  
  93  19:29  Marine x2  
  101  19:31  Marine, Cyclone x2  
  101  19:32  Marine x2  
  107  19:40  SCV  
  108  19:46  Marine x5  
  108  19:47  Marine, SCV x2  
  108  19:49  Cyclone  
  66  20:24  Marine x6  
  66  20:25  Marine  
  66  20:26  Cyclone x2  
  79  20:29  Marine x2  
  63  20:45  Marine x3  
  54  20:58  Marine x5  
  46  21:24  Marine x2  
  48  21:29  SCV  
  31  22:04  Marine x6  
  33  22:09  Orbital Command  
  33  22:15  Marine  
Show
View Real Time Build Order
Export as new Build Order

probrazil Zerg - Winner!

Build Orders: Pool First 

Get SALT Encoding   

  12  0:01  Drone  
  13  0:11  Drone  
  14  0:18  Overlord  
  14  0:36  Drone x3  
  17  0:46  Spawning Pool  
  16  0:50  Drone  
  17  1:13  Hatchery  
  17  1:15  Drone  
  17  1:33  Zergling x6  
  17  1:35  Queen  
  22  1:45  Overlord  
  22  2:08  Overlord  
  22  2:11  Extractor  
  22  2:12  Drone  
  22  2:19  Drone  
  23  2:25  Queen  
  23  2:26  Queen  
  27  2:34  Drone x2  
  29  2:40  Drone x2  
  30  2:50  Drone x4  
  34  3:01  Overlord  
  34  3:04  Drone  
  35  3:08  Queen  
  35  3:12  Overlord  
  37  3:22  Metabolic Boost  
  36  3:36  Drone x5  
  36  3:38  Hatchery  
  39  3:49  Drone x3  
  42  3:58  Evolution Chamber  
  42  3:59  Drone x3, Baneling Nest  
  42  4:00  Drone  
  44  4:09  Zergling x6  
  48  4:10  Zergling x4  
  49  4:17  Extractor  
  49  4:19  Drone  
  49  4:29  Drone x4  
  53  4:39  Queen x2  
  53  4:41  Zergling x2  
  53  4:42  Zergling x4  
  60  4:48  Spore Crawler  
  59  4:58  Queen  
  61  5:00  Zergling x12, Spore Crawler  
  66  5:08  Overlord  
  66  5:09  Overlord  
  63  5:41  Drone x6  
  63  5:42  Drone x6  
  73  5:43  Drone x4  
  77  5:54  Lair  
  77  5:55  Drone x5  
  82  6:00  Overlord x2  
  82  6:03  Zerg Melee Weapons Level 1  
  81  6:16  Zergling x4  
  81  6:17  Overlord x3  
  81  6:26  Spine Crawler  
  81  6:31  Extractor x2  
  78  6:33  Spine Crawler  
  75  6:41  Zergling x8  
  75  6:42  Zergling x12  
  75  6:43  Zergling x4  
  81  6:57  Zergling x4  
  81  6:58  Zergling x12  
  77  7:04  Zergling x4  
  69  7:08  Zergling x2  
  69  7:09  Zergling x6  
  71  7:17  Zergling x8  
  72  7:24  Zergling x12  
  72  7:29  Queen x3  
  77  7:39  Baneling x4  
  77  7:40  Baneling x4  
  77  7:41  Zergling x8  
  77  7:42  Zergling x4  
  83  7:47  Spire  
  83  7:49  Extractor  
  77  8:02  Zergling x4  
  77  8:03  Zergling x10  
  77  8:04  Queen  
  76  8:08  Zergling x6  
  76  8:18  Zergling x6, Queen  
  76  8:19  Queen  
  79  8:29  Zerg Melee Weapons Level 2  
  79  8:33  Zergling x8  
  79  8:34  Zergling x2  
  84  8:39  Overlord  
  84  8:40  Queen  
  86  8:43  Baneling  
  86  8:44  Baneling x6  
  86  8:45  Baneling x5  
  86  8:46  Zergling x4  
  88  8:53  Overlord x2  
  88  9:02  Mutalisk x5  
  90  9:07  Hatchery  
  97  9:30  Zergling x6  
  97  9:31  Zergling x10  
  104  9:38  Extractor  
  104  9:48  Mutalisk x2  
  104  9:49  Mutalisk x4  
  104  9:50  Zergling x4  
  118  10:07  Drone x2  
  118  10:08  Drone x5  
  118  10:12  Centrifical Hooks  
  125  10:18  Mutalisk x2  
  125  10:20  Overlord x4  
  129  10:26  Drone x3  
  132  10:36  Overlord x3  
  132  10:45  Zergling x8  
  132  10:46  Zergling x14  
  143  10:55  Drone x2  
  143  10:56  Drone x3  
  142  11:43  Extractor  
  142  11:46  Extractor  
  140  11:47  Baneling x3  
  140  11:48  Baneling x7  
  140  11:49  Baneling x7  
  140  11:50  Baneling x7  
  140  11:51  Baneling x15  
  140  11:52  Baneling x13  
  140  11:53  Baneling x9  
  140  11:55  Zergling x12  
  140  11:56  Zergling x12  
  140  11:57  Zergling x14  
  140  11:58  Zergling x14  
  140  11:59  Zergling x2  
  167  12:06  Zerg Ground Armor Level 1  
  167  12:29  Drone x2  
  169  12:30  Drone x2, Mutalisk x5  
  169  12:31  Zergling x2  
  169  12:32  Zergling x12  
  169  12:33  Zergling x4  
  190  12:39  Baneling x3  
  190  12:40  Baneling x7  
  190  12:42  Drone x2  
  190  12:43  Overlord x3  
  117  13:06  Zergling x6  
  117  13:07  Zergling x14  
  117  13:08  Zergling x2  
  111  13:14  Zergling x12  
  111  13:15  Zergling x4  
  117  13:23  Mutalisk x2  
  117  13:24  Mutalisk x7  
  135  13:36  Hatchery  
  130  13:54  Hatchery  
  129  14:07  Zergling x12  
  129  14:08  Zergling x12  
  131  14:21  Mutalisk x6  
  131  14:22  Mutalisk x6  
  146  14:25  Zergling x14  
  152  14:35  Baneling x4  
  152  14:36  Baneling x7  
  152  14:37  Baneling x3  
  152  14:38  Baneling  
  152  14:59  Baneling x7  
  152  15:00  Baneling x7  
  152  15:01  Baneling  
  152  15:04  Extractor  
  152  15:05  Extractor  
  150  15:11  Zergling x10  
  150  15:12  Zergling x14  
  150  15:13  Zergling x14  
  150  15:14  Zergling x2  
  141  15:56  Zergling x8  
  139  15:57  Zergling x12  
  139  15:58  Zergling x14  
  139  15:59  Zergling x14  
  139  16:00  Zergling x14  
  165  16:15  Zerg Flyer Weapons Level 1  
  158  16:26  Mutalisk  
  158  16:27  Mutalisk x3  
  158  16:28  Zergling x10  
  158  16:29  Zergling x4  
  171  17:05  Zergling x6  
  171  17:06  Zergling x14  
  171  17:07  Zergling x6  
  184  17:09  Baneling x13  
  184  17:10  Baneling x13  
  184  17:11  Baneling x10  
  184  17:24  Zergling x10  
  184  17:25  Zergling x8  
  193  17:38  Infestation Pit  
  186  18:08  Zergling x10  
  186  18:09  Zergling x12  
  197  18:22  Zerg Ground Armor Level 2  
  197  18:47  Zergling x6  
  200  18:50  Swarm Host  
  200  18:51  Swarm Host x5  
  200  18:52  Hatchery, Swarm Host x2  
  200  18:53  Swarm Host  
  175  18:56  Swarm Host  
  175  18:57  Swarm Host x4  
  173  19:08  Zergling x4  
  173  19:09  Zergling x14  
  163  19:10  Zergling x14  
  163  19:11  Zergling x12  
  163  19:12  Zergling x10  
  159  19:22  Zergling x6  
  159  19:23  Zergling x10  
  158  19:59  Mutalisk x6  
  150  20:00  Mutalisk x7  
  151  20:23  Zergling x10  
  151  20:24  Zergling x14  
  151  20:25  Zergling x8  
  156  20:40  Zergling x12  
  156  20:41  Zergling x12  
  156  20:42  Zergling x2  
  148  21:02  Zergling x6  
  148  21:03  Zergling x14  
  148  21:04  Zergling x12  
  163  21:20  Zergling x4  
  163  21:21  Zergling x14  
  163  21:22  Zergling x4  
  174  21:29  Mutalisk x2  
  174  21:30  Mutalisk  
  174  21:32  Zergling x2  
Tags
 
Add a new tag
Caveats
  • Supply blocks, unpowered buildings, or Contaminate may cause inaccurate times.
  • Supply counts are checked every 10 seconds.